 Dungeon Crawl Stone Soup version 0.24.1 (webtiles) character file.

Game seed: 13097638115206708725, levelgen mode: deterministic

129 MJtheKandyman the Gusty (level 4, 36/36 HPs)
             Began as a Draconian Air Elementalist on Nov 28, 2019.
             Quit the game on level 3 of the Dungeon on Mar 25, 2020.
             The game lasted 00:19:16 (3544 turns).

MJtheKandyman the Gusty (DrAE)                      Turns: 3544, Time: 00:19:16

Health: 36/36      AC:  5    Str: 10    XL:     4   Next: 88%
Magic:  8/8        EV: 12    Int: 16    God:
Gold:   180        SH:  0    Dex: 12    Spells: 7/8 levels left

rFire    . . .     SeeInvis .   (no weapon)
rCold    . . .     Gourm    .   (no shield)
rNeg     . . .     Faith    .   (armour unavailable)
rPois    .         Spirit   .   (helmet restricted)
rElec    .         Reflect  .   (no cloak)
rCorr    .         Harm     .   (no gloves)
MR       .....                  (no boots)
Stlth    ++........             (no amulet)
HPRegen  0.12/turn              (no ring)
MPRegen  0.11/turn              (no ring)

@: no status effects
A: unfitting armour, cold-blooded, AC +5
a: no special abilities


You were on level 3 of the Dungeon.
You were not hungry.

You visited 1 branch of the dungeon, and saw 4 of its levels.

You collected 180 gold pieces.

Inventory:

Hand Weapons
 q - a +0 short sword
Missiles
 d - 24 poisoned darts
 e - 120 stones (quivered)
Armour
 l - a +0 cloak
Jewellery
 j - an uncursed ring of protection from cold {unknown}
 k - an uncursed amulet of rage {unknown}
Scrolls
 f - 3 scrolls of teleportation {unknown}
 h - a scroll of remove curse {unknown}
 m - 2 scrolls of enchant weapon {unknown}
 n - a scroll of amnesia {unknown}
 o - a scroll of magic mapping {unknown}
 p - a scroll of identify {unknown}
 r - a scroll of random uselessness {unknown}
Potions
 a - 3 potions of curing {unknown}
 c - 2 potions of lignification {unknown}
 g - 2 potions of resistance {unknown}
 i - a potion of berserk rage {unknown}
 t - 2 potions of agility {unknown}
Comestibles
 b - 9 rations
 s - 5 chunks of flesh


   Skills:
 + Level 2.0 Fighting
 - Level 1.9 Dodging
 - Level 2.0 Stealth
 + Level 2.9 Spellcasting
 + Level 2.2 Conjurations
 + Level 3.8 Air Magic


You had 7 spell levels left.
You knew the following spells:

 Your Spells              Type           Power        Failure   Level  Hunger
a - Shock                 Conj/Air       ##..         5%          1    #......

Your spell library contained the following spells:

 Spells                   Type           Power        Failure   Level  Hunger
 Swiftness                Chrm/Air       #.......     13%         2    ##.....
 Static Discharge         Conj/Air       ##......     16%         3    ###....
 Airstrike                Air            ##........   36%         4    #####..
 Lightning Bolt           Conj/Air       ##........   83%         5    ######.


Dungeon Overview and Level Annotations

Branches:
Dungeon (4/15)
 Temple: D:4-7

Altars:
Fedhas
Kikubaaqudgha
Wu Jian

Annotations:
D:2 Sigmund, Terence
D:3 Jessica


Innate Abilities, Weirdness & Mutations

Your plain brown scales are hard. (AC +5)
You cannot fit into any form of body armour.
You are cold-blooded and may be slowed by cold attacks.


Message History

You climb upwards.
Level annotation: Jessica
There is a stone staircase leading down here.
Some of the chunks of flesh in your inventory have rotted away.
There is a stone staircase leading down here.
You climb downwards.
A giant cockroach and an ogre come into view.
Found 12 gold pieces and a scroll labeled AXKETO BINODO.
There is a stone staircase leading up here.
You climb upwards.
Level annotation: Jessica
There is a stone staircase leading down here.
Saving game... please wait.
Level annotation: Jessica Welcome back, MJtheKandyman the Draconian Air Elementalist.
Press ? for a list of commands and other information.
Quiver which item? (- for none, * to show all) (? for menu, Esc to quit)
Okay, then.
Okay, then.
Are you sure you want to abandon this character and quit the game? (Confirm with "yes".)

.#
#..............#
.##
###......#####.#
..# ##.....# #.#
..### #.....# #.#
....# #.....# #.#
....# #.....# #.#
....######(..#
###>#
...###....<..#
#...# ...#
#.###.#.# #@###
##.# #.# #.#.###.#
#.# #.# #.#..##.#
#.###.###.##.##.#
#.##...[..##.##.#
##.##..######.##.#
..#....######.##.#
.###..###........#
#.#.#.###.###.####


There were no monsters in sight!

Vanquished Creatures
  4 gnolls (D:2)
  2 adders
  An ooze (D:1)
  2 worms (D:2)
  3 leopard geckos
  8 bats
  2 giant cockroaches
  3 goblins (D:1)
  8 hobgoblins
  2 quokkas (D:3)
  A ball python (D:1)
  4 frilled lizards
  7 kobolds
  23 rats
70 creatures vanquished.

Notes
Turn   | Place    | Note
-------+----------+-------------------------------------------
     0 | D:1      | MJtheKandyman the Draconian Air Elementalist began the
                  | quest for the Orb.
     0 | D:1      | Reached XP level 1. HP: 14/14 MP: 3/3
   659 | D:1      | Reached XP level 2. HP: 20/20 MP: 1/5
  1567 | D:2      | Reached XP level 3. HP: 27/27 MP: 1/6
  1667 | D:2      | Reached skill level 1 in Fighting
  1929 | D:2      | Reached XP level 4. HP: 35/35 MP: 4/7
  2253 | D:2      | Noticed Terence
  2358 | D:2      | Noticed Sigmund
  3198 | D:3      | Noticed Jessica
  3509 | D:4      | Found a blossoming altar of Fedhas.
  3509 | D:4      | Found an ancient bone altar of Kikubaaqudgha.
  3509 | D:4      | Found an ornate altar of the Wu Jian Council.
  3539 | D:4      | Noticed an ogre
  3544 | D:3      | Upgraded the game from 0.24.0-37-gcf1ca852f1 to 0.24.1
  3544 | D:3      | Quit the game

Levels and vault maps discovered:
D:1:      lightli_molten_gateway, layout_basic
D:2:      layout_rooms, first_ration, uniq_terence, uniq_sigmund
D:3:      layout_loops_ring, gammafunk_temple_overflow_elements,
          minmay_rat_hole, uniq_robin, uniq_crazy_yiuf_cottage, uniq_jessica,
          uniq_ijyb
D:4:      layout_cave_pools, regret_index_temple_of_mockery, zin_angel,
          grunt_qazlal_clouds, chequers_temple_overflow_statue_of_worship,
          serial_shops, shop_scrolls, uniq_pikel, uniq_natasha

Skill      XL: |  1  2  3  4 |
---------------+-------------+-----
Stealth        | 2 |  2.0
Fighting       | 1 2 |  2.0
Conjurations   | 2 |  2.2
Dodging        | |  1.9
Spellcasting   | |  2.9
Air Magic      | |  3.8

Action                   |  1- 3 |  4- 6 || total
-------------------------+-------+-------++-------
Melee: Unarmed           |       |     1 ||     1
Throw: Stone             |     2 |     8 ||    10
 Cast: Shock             |    59 |    69 ||   128
  Eat: Chunk             |     4 |     5 ||     9
Armor: Skin              |     8 |     9 ||    17
Dodge: Dodged            |    25 |    11 ||    36
